 Dungeon Crawl Stone Soup version 0.23.2-1-ga50397a (webtiles) character file.

Game seed: 1225841029312113175

973 aefrtyi the Skirmisher (level 7, -15/54 (55) HPs)
             Began as a Demonspawn Gladiator on June 1, 2019.
             Was a Follower of Makhleb.
             Demolished by an orc warrior
             ... wielding a +0 dire flail
              (16 damage)
             ... on level 6 of the Dungeon.
             The game lasted 00:32:43 (6331 turns).

aefrtyi the Skirmisher (Demonspawn Gladiator)       Turns: 6331, Time: 00:32:43

HP:   -15/54 (55)   AC:  4    Str: 15    XL:     7   Next: 94%
MP:   9/9           EV: 13    Int: 10    God:    Makhleb [*.....]
Gold: 306           SH:  0    Dex: 15    Spells: 6/6 levels left

rFire    + . .     SeeInvis .   a - +0 long sword
rCold    . . .     Gourm    .   (no shield)
rNeg     . . .     Faith    .   B - +4 ring mail {rPois}
rPois    +         Spirit   .   c - +0 helmet
rElec    .         Reflect  .   h - +0 cloak
rCorr    .         Harm     .   (no gloves)
MR       .....                  (no boots)
Stlth    ++........             C - amulet of rage
HPRegen  0.18/turn              b - ring of wizardry
MPRegen  0.11/turn              (no ring)

@: corroded
A: fire resistance 1, powered by pain 2
a: Renounce Religion, Evoke Berserk Rage


You were on level 6 of the Dungeon.
You worshipped Makhleb.
Makhleb was aware of your devotion.
You were not hungry.

You visited 1 branch of the dungeon, and saw 6 of its levels.

You collected 306 gold pieces.

Inventory:

Hand Weapons
 a - a +0 long sword (weapon)
Armour
 c - a +0 helmet (worn)
 h - a +0 cloak (worn)
 B - a +4 ring mail of poison resistance (worn)
Magical Staves
 m - an uncursed staff of cold
 q - an uncursed staff of conjuration
Jewellery
 b - a ring of wizardry (left hand)
 C - an amulet of rage (around neck)
Wands
 w - a wand of digging (1)
Scrolls
 j - 3 scrolls of teleportation
 k - a scroll of identify
 l - 2 scrolls of blinking
 n - a scroll of remove curse
 r - a scroll of fog {unknown}
 D - a scroll of enchant weapon {unknown}
Potions
 e - a potion of brilliance {unknown}
 g - 3 potions of cancellation
 i - a potion of curing {unknown}
 o - 3 potions of heal wounds {unknown}
 p - a potion of mutation {unknown}
 s - a potion of magic {unknown}
 u - a potion of invisibility {unknown}
 x - a potion of lignification {unknown}
 z - a potion of resistance {unknown}
 A - a potion of might {unknown}
Comestibles
 f - 14 rations
 t - 2 chunks of flesh


   Skills:
 + Level 4.8 Fighting
 + Level 4.8 Long Blades
 - Level 1.7 Throwing
 + Level 3.2 Armour
 - Level 4.0 Dodging
 - Level 3.1 Stealth
 - Level 3.0 Invocations


You had 6 spell levels left.
You didn't know any spells.
Your spell library was empty.

Dungeon Overview and Level Annotations

Branches:
Dungeon (6/15)
 Temple: D:4-7

Altars:
Elyvilon
Fedhas
Makhleb
Xom
Yredelemnul
The Shining One


Innate Abilities, Weirdness & Mutations

Your flesh is heat resistant. (rF+)
You sometimes gain power by taking damage.


Message History

You hit the orc warrior but do no damage.
You fail to use your ability.
The necrophage hits you.
* * * LOW HITPOINT WARNING * * *
The orc warrior closely misses you.
You barely miss the orc warrior. The necrophage completely misses you.
You riposte.
You hit the necrophage but do no damage.
The phantom blinks!
The orc warrior hits you with a +0 dire flail!
* * * LOW HITPOINT WARNING * * *
The necrophage hits you.
* * * LOW HITPOINT WARNING * * *
You closely miss the orc warrior. The orc warrior misses you.
You riposte.
You hit the orc warrior.
The orc warrior is lightly wounded.
The necrophage barely misses you.
You barely miss the orc warrior.
The orc warrior is lightly wounded.
The orc warrior hits you with a +0 dire flail!
You die...

#.# #.# #.# ## ###.# .#
##.#.# .# ##.#..# # .#
##.#...#######
###.###.#.)..#...oW#
.##.##.#........@#......
#.#.#.#.........#n...###
.#.#.#.........##.....#
..#.#..........#
..ยง...#
...#..........## ..#....
...#......##..# .......
...#.....#.#..# :.....#
.8###.....##..# #... #.
...#.....#.#... #


You could see a phantom, an orc warrior and a necrophage.

Vanquished Creatures
  An ogre (D:6)
  A centaur (D:5)
  A howler monkey (D:4)
  2 crimson imps (D:6)
  A centaur zombie (D:5)
  4 hounds
  A centaur skeleton (D:4)
  An orc priest (D:4)
  3 jellies (D:6)
  An orc wizard (D:4)
  An iguana (D:5)
  3 worker ants
  Terence (D:3)
  A hound skeleton (D:3)
  A worker ant zombie (D:6)
  7 adders
  4 gnolls (D:4)
  A shadow imp (D:5)
  An ooze (D:2)
  An adder zombie (D:6)
  3 adder skeletons (D:4)
  4 worms
  A dart slug (D:1)
  5 leopard geckos
  An orc (D:3)
  5 bats
  6 giant cockroaches
  12 goblins
  6 hobgoblins
  3 jackals (D:6)
  2 quokkas
  3 ball pythons
  4 frilled lizards
  4 kobolds
  A leopard gecko skeleton (D:2)
  A leopard gecko zombie (D:6)
  6 rats
104 creatures vanquished.

Notes
Turn   | Place    | Note
-------+----------+-------------------------------------------
     0 | D:1      | aefrtyi the Demonspawn Gladiator began the quest for the
                  | Orb.
     0 | D:1      | Reached XP level 1. HP: 16/16 MP: 1/1
   164 | D:1      | Gained mutation: Your flesh is heat resistant. (rF+)
                  | [demonic ancestry]
   164 | D:1      | Reached XP level 2. HP: 19/22 MP: 2/2
   706 | D:1      | Reached skill level 1 in Stealth
   950 | D:2      | Gained mutation: You sometimes gain a little power by
                  | taking damage. [demonic ancestry]
   950 | D:2      | Reached XP level 3. HP: 26/28 MP: 3/3
  1304 | D:2      | Found a blossoming altar of Fedhas.
  1334 | D:2      | Gained mutation: You sometimes gain power by taking damage.
                  | [demonic ancestry]
  1334 | D:2      | Reached XP level 4. HP: 34/34 MP: 4/4
  1800 | D:3      | Found a burning altar of Makhleb.
  1802 | D:3      | Became a worshipper of Makhleb the Destroyer
  2249 | D:3      | Found a glowing golden altar of the Shining One.
  2317 | D:3      | Found a white marble altar of Elyvilon.
  2870 | D:3      | Found a basalt altar of Yredelemnul.
  2953 | D:3      | Noticed Terence
  2973 | D:3      | Killed Terence
  2973 | D:3      | Reached skill level 1 in Invocations
  2973 | D:3      | Reached XP level 5. HP: 33/41 MP: 5/5
  3475 | D:4      | Reached skill level 1 in Armour
  3475 | D:4      | Reached XP level 6. HP: 46/47 MP: 7/7
  3978 | D:4      | Noticed an ice beast
  4264 | D:4      | Found a shimmering altar of Xom.
  4264 | D:4      | Found a shimmering altar of Xom.
  4265 | D:4      | Found a shimmering altar of Xom.
  4265 | D:4      | Found a shimmering altar of Xom.
  4265 | D:4      | Found a shimmering altar of Xom.
  4265 | D:4      | Found a shimmering altar of Xom.
  4265 | D:4      | Found a shimmering altar of Xom.
  4761 | D:5      | Entered Level 5 of the Dungeon
  5001 | D:5      | Reached XP level 7. HP: 31/53 MP: 7/9
  5299 | D:5      | Reached * piety under Makhleb
  6329 | D:6      | HP: 1/54 [necrophage (4)]
  6331 | D:6      | Demolished by an orc warrior

Skill      XL: |  1  2  3  4  5  6  7 |
---------------+----------------------+-----
Stealth        | 1 2 3 |  3.1
Long Blades    | 3 4 |  4.8
Dodging        | 3 4 |  4.0
Fighting       | 3 4 |  4.8
Invocations    | 1 2 3 |  3.0
Armour         | 1 3 |  3.2
Throwing       | |  1.7

Action                   |  1- 3 |  4- 6 |  7- 9 || total
-------------------------+-------+-------+-------++-------
Melee: Long sword        |    99 |   198 |   134 ||   431
  Use: Scroll            |       |    11 |     2 ||    13
 Stab: Sleeping          |     4 |       |     3 ||     7
       Distracted        |     1 |       |       ||     1
  Eat: Chunk             |     1 |    11 |     6 ||    18
Armor: Leather armour    |    26 |    31 |       ||    57
       Chain mail        |       |    12 |       ||    12
       Ring mail         |       |    54 |    56 ||   110
Dodge: Dodged            |    62 |   155 |   112 ||   329
       Rpst.: Long sword |    23 |    45 |    42 ||   110
